 Dungeon Crawl Stone Soup version 0.31.0-32-g396128a36d (webtiles) character file.

Game seed: 10738439158405261768

1145 Alphaeus the Ruffian (level 8, -3/75 HPs)
             Began as a Troll Shapeshifter on Mar 19, 2024.
             Was an Initiate of Qazlal.
             Incinerated by a bombardier beetle (5 damage)
             ... with a burning spray
             ... on level 5 of the Dungeon.
             The game lasted 00:03:49 (2997 turns).

Alphaeus the Ruffian (Troll Shapeshifter)           Turns: 2997, Time: 00:03:49

Health: -3/75      AC:  4    Str: 25    XL:     8   Next: 15%
Magic:  7/7        EV:  9    Int:  6    God:    Qazlal [......]
Gold:   233        SH:  0    Dex:  9    Spells: 7/7 levels left

rFire   . .          .
                       - Unarmed
rCold   . . .        (no shield)
rNeg    . . .        a - +0 animal skin
rPois   .            (helmet currently unavailable)
rElec   .            (cloak currently unavailable)
rCorr   .            (gloves unavailable)
SInv    .            (boots unavailable)
Will    .....        (no amulet)
Stlth   +            (no ring)
HPRegen 1.12/turn    (no ring)
MPRegen 0.10/turn

%: no passive effects
@: lethally poisoned (-3 -> -3), on fire, beast-form, glowing
A: beast (slay +3), large, unfitting armour, claws 3, regeneration 1, shaggy fur
1, tough skin 1
a: Begin Untransformation, Renounce Religion


You were on level 5 of the Dungeon.
You worshipped Qazlal.
Qazlal was noncommittal.
You were a hulking beast.
You visited 2 branches of the dungeon, and saw 6 of its levels.

You collected 233 gold pieces.

Inventory:

Armour
 a - a +0 animal skin (worn)
Talismans
 c - a beast talisman
 d - a flux talisman
Wands
 o - a wand of mindburst (7)
Scrolls
 e - a scroll of fog {unknown}
 f - a scroll of silence {unknown}
 i - 6 scrolls of identify {unknown}
 n - 2 scrolls of fear {unknown}
 p - a scroll of torment {unknown}
 s - a scroll of blinking {unknown}
 t - a scroll of poison {unknown}
Potions
 b - a potion of lignification
 g - 5 potions of heal wounds {unknown}
 h - 3 potions of curing {unknown}
 j - 3 potions of cancellation {unknown}
 k - a potion of might {unknown}
 l - 2 potions of ambrosia {unknown}
 m - 2 potions of brilliance {unknown}
 q - a potion of mutation {unknown}
 r - a potion of magic {unknown}


   Skills:
 + Level 3.5 Fighting
 - Level 1.5 Dodging
 * Level 6.8 Unarmed Combat
 * Level 6.3 Shapeshifting


You had 7 spell levels left.
You didn't know any spells.
Your spell library contained the following spells:

 Spells                   Type           Power      Damage    Failure   Level
 Sting                    Conj/Alch      0%         1d3       45%         1
 Summon Small Mammal      Summ           0%         N/A       45%         1
 Mercury Vapours          Alch/Air       0%         N/A       58%         2
 Call Canine Familiar     Summ           0%         N/A       83%         3
 Dazzling Flash           Conj/Hex       0%         N/A       83%         3
 Mephitic Cloud           Conj/Alch/Air  0%         N/A       83%         3
 Ozocubu's Armour         Ice            0%         N/A       83%         3
 Olgreb's Toxic Radiance  Alch           0%         N/A       99%         4
 Summon Blazeheart Golem  Fire/Summ      0%         N/A       99%         4
 Curse of Agony           Necr           0%         N/A       100%        5
 Metabolic Englaciation   Hex/Ice        0%         N/A       100%        5
 Silence                  Hex/Air        0%         N/A       100%        5
 Sculpt Simulacrum        Ice/Alch       0%         N/A       100%        6


Dungeon Overview and Level Annotations

Branches:
Dungeon (5/15)             Temple (1/1) D:4

Altars:
Ashenzari
Cheibriados
Dithmenos
Elyvilon
Fedhas
Gozag
Hepliaklqana
Kikubaaqudgha
Makhleb
Nemelex Xobeh
Okawaru
Qazlal
Ru
Sif Muna
Trog
Uskayaw
Vehumet
Wu Jian
Xom
Zin


Innate Abilities, Weirdness & Mutations

You are a hulking beast.
Your limbs bulge with bestial killing power. (Slay +3)
You are too large for most types of armour.
You have claws for hands.
Your natural rate of healing is unusually fast.
You are covered in fur. (AC +1)
You have tough skin. (AC +1)


Message History

The bombardier beetle is moderately wounded.
You feel sick. The adder barely misses you.
The orc hits you but does no damage.
The bombardier beetle sprays incendiary fluid at you.
The burning spray hits you.
You are covered in liquid fire!
You claw the bombardier beetle!
The bombardier beetle is almost dead.
The liquid fire burns you!
You feel sick. The adder bites you but does no damage.
The orc hits you with a +0 mace.
* * * LOW HITPOINT WARNING * * *
You mangle the bombardier beetle!!
You kill the bombardier beetle!
Qazlal accepts your kill. The liquid fire burns you!
* * * LOW HITPOINT WARNING * * *
You feel sick. The adder bites you.
* * * LOW HITPOINT WARNING * * *
You claw the adder!
You kill the adder!
Qazlal accepts your kill. The liquid fire burns you!
* * * LOW HITPOINT WARNING * * *
You feel sick. The orc hits you with a +0 mace.
* * * LOW HITPOINT WARNING * * *
You shake off some of the fire as you move.
The liquid fire burns you!
* * * LOW HITPOINT WARNING * * *
You feel sick. The orc attacks as it pursues you!
The orc hits you but does no damage.
You see here an adder corpse.
You scratch the orc.
The orc is lightly wounded.
The liquid fire burns you!
* * * LOW HITPOINT WARNING * * *
You feel sick. The orc closely misses you.
You shake off some of the fire as you move.
The liquid fire burns you!
You die...

#††..#...###.#
#†...##..###.#
......###......#
....#...#
##.....#
....#...#
###...# ...
#..## ####.# .##
#..# ####....#
..
..####.....o†#
.......h.#
.........#
####.###.# ...
#.# #... #.#
#... #.# . ..#
.#


You could see an orc.

Vanquished Creatures
  Grinder (D:3)
  An ice beast (D:5)
  2 black bears (D:5)
  2 scorpions
  A howler monkey (D:4)
  A bombardier beetle (D:5)
  2 hounds (D:5)
  A jelly (D:4)
  An orc priest (D:3)
  Jessica (D:3)
  A sleepcap (D:5)
  Ijyb (D:3)
  3 iguanas
  2 orc wizards
  5 adders
  A white imp (D:4)
  2 ribbon worms
  4 dart slugs
  12 orcs
  4 endoplasms
  5 giant cockroaches
  8 goblins
  6 hobgoblins
  4 jackals (D:2)
  10 kobolds
  5 quokkas
  6 ball pythons
  3 bats
  3 frilled lizards
  5 rats
103 creatures vanquished.

Notes
Turn   | Place    | Note
-------+----------+-------------------------------------------
     0 | D:1      | Alphaeus the Troll Shapeshifter began the quest for the
                  | Orb.
     0 | D:1      | Reached XP level 1. HP: 18/18 MP: 0/0
   181 | D:1      | Reached skill level 1 in Fighting
   192 | D:1      | Reached XP level 2. HP: 27/27 MP: 1/1
   552 | D:2      | Reached XP level 3. HP: 33/33 MP: 2/2
  1290 | D:3      | Reached XP level 4. HP: 40/41 MP: 3/3
  1291 | D:3      | Noticed Jessica
  1295 | D:3      | Noticed Grinder
  1297 | D:3      | Killed Jessica
  1298 | D:3      | Paralysed by Grinder for 4 turns
  1310 | D:3      | Killed Grinder
  1311 | D:3      | Reached XP level 5. HP: 15/49 MP: 4/4
  1311 | D:3      | Reached XP level 6. HP: 17/57 MP: 5/5
  1366 | D:3      | Reached skill level 5 in Unarmed Combat
  1553 | D:3      | Noticed Ijyb
  1567 | D:3      | Killed Ijyb
  1624 | D:3      | Found a faded altar of an unknown god.
  1627 | D:3      | Found a blossoming altar of Fedhas.
  1792 | D:3      | Found a snail-covered altar of Cheibriados.
  1920 | D:4      | Reached skill level 5 in Shapeshifting
  2100 | D:4      | Found a staircase to the Ecumenical Temple.
  2225 | Temple   | Entered the Ecumenical Temple
  2233 | Temple   | Became a worshipper of Qazlal Stormbringer
  2432 | D:4      | Reached XP level 7. HP: 63/66 MP: 6/6
  2831 | D:5      | Entered Level 5 of the Dungeon
  2983 | D:5      | Reached XP level 8. HP: 51/75 MP: 7/7
  2996 | D:5      | HP: 2/75 [burnt (4)]
  2997 | D:5      | Incinerated by a bombardier beetle

Illustrated notes

Levels and vault maps discovered:
D:1:      dpeg_arrival_three_same_balls, layout_rooms, minmay_small_reverse_x
D:2:      layout_basic, grunt_ministairs_15, chequers_serial_rivers_room_b
D:3:      layout_rooms, general_overflow_altar,
          nicolae_overflow_ecumenical_swirl, st_stairs_8,
          kennysheep_flooded_box, uniq_ijyb, uniq_jessica, uniq_grinder
D:4:      layout_cave_pods, temple_doors_e, nrook_loot_triangle,
          grunt_ministairs_8, kennysheep_generic_room_4
D:5:      minmay_recursive_quarters, layout_loops_ring, uniq_crazy_yiuf_cottage
Temple:   eino_narrow_crystal_temple

Skill      XL: |  1  2  3  4  5  6  7 |
---------------+----------------------+-----
Fighting       | 1 2 3 |  3.5
Unarmed Combat | 4 5 6 |  6.8
Shapeshifting  | 4 5 6 |  6.3
Dodging        | |  1.5

Action                     |  1- 3 |  4- 6 |  7- 9 || total
---------------------------+-------+-------+-------++-------
  Melee: Unarmed           |    86 |   113 |    55 ||   254
         Punch             |     2 |     3 |     2 ||     7
   Stab: Sleeping          |     2 |       |       ||     2
 Armour: Animal skin       |    60 |    84 |    81 ||   225
  Dodge: Dodged            |    45 |    41 |    30 ||   116
